 Dungeon Crawl Stone Soup version 0.20.0-8-g6b59dc7 (webtiles) character file.

62 Kosschaser the Sneak (level 4, -8/21 HPs)
             Began as a Vine Stalker Enchanter on May 30, 2017.
             Killed by nerve-wracking pain
             ... invoked by an orc priest
              (12 damage)
             ... on level 3 of the Dungeon.
             The game lasted 00:05:28 (2158 turns).

Kosschaser the Sneak (Vine Stalker Enchanter)       Turns: 2158, Time: 00:05:28

Health: -8/21      AC:  2    Str: 11    XL:     4   Next: 8%
Magic:  0/8        EV: 12    Int: 15    God:
Gold:   64         SH:  0    Dex: 15    Spells: 4/7 levels left

rFire    . . .     SeeInvis .   a - +1 dagger
rCold    . . .     Gourm    .   (no shield)
rNeg     . . .     Faith    .   b - +0 robe
rPois    .         Spirit   +   (no helmet)
rElec    .         Reflect  .   (no cloak)
rCorr    .         Harm     .   (no gloves)
MR       .....                  (no boots)
Stlth    +++.......             (no amulet)
Regen    0.5/turn               (no ring)
MPRegen  0.2/turn               (no ring)

@: very slightly contaminated
A: fangs 2, regeneration 1, magic shield, antimagic bite, no potion heal 3, rot
immunity
a: no special abilities


You were on level 3 of the Dungeon.
You were hungry.

You visited 1 branch of the dungeon, and saw 3 of its levels.

You collected 64 gold pieces.

Inventory:

Hand Weapons
 a - a +1 dagger (weapon)
Armour
 b - a +0 robe (worn)
Scrolls
 f - a scroll of identify {unknown}
 g - 3 scrolls of teleportation {unknown}
 h - a scroll of magic mapping {unknown}
 i - a scroll of amnesia {unknown}
 l - a scroll of enchant weapon {unknown}
Potions
 e - a potion of resistance {unknown}
 k - a potion of lignification {unknown}
Books
 c - a book of Maledictions

   Spells                             Type                      Level
   a - Corona                         Hexes                        1
   b - Ensorcelled Hibernation        Hexes/Ice                    2
   c - Confuse                        Hexes                        3
   d - Tukima's Dance                 Hexes                        3
   e - Dazzling Spray                 Conjuration/Hexes            3
Comestibles
 d - a meat ration
 j - a bread ration


   Skills:
 + Level 0.8 Fighting
 + Level 1.3 Short Blades
 + Level 1.9 Dodging
 * Level 4.7 Stealth
 + Level 2.4 Spellcasting
 + Level 3.2 Hexes
 + Level 0.2 Ice Magic


You had 4 spell levels left.
You knew the following spells:

 Your Spells              Type           Power        Failure   Level  Hunger
a - Corona                Hex            ##.....      5%          1    #......
b - Ensorcelled Hibernat  Hex/Ice        #.....       16%         2    ###....


Dungeon Overview and Level Annotations

Branches:
Dungeon (3/15)

Altars:
Okawaru


Innate Abilities, Weirdness & Mutations

You have extremely sharp teeth.
Your natural rate of healing is unusually fast.
When hurt, damage is shared between your health and your magic reserves.
Your bite disrupts and absorbs the magic of your enemies.
Potions cannot restore your health.
You are immune to rotting.


Message History

The orc shouts!
You bite the orc priest. You drain its power.
You feel invigorated.
The orc priest is moderately wounded.
The orc priest looks braver for a moment.
The orc hits you with a flail.
You closely miss the orc priest. Your bite misses the orc priest.
The orc priest is lightly wounded.
The orc priest mumbles some strange prayers to Beogh against you.
Beogh smites you!
You hit the orc priest.
The orc priest is moderately wounded.
The orc hits you but does no damage. The orc priest closely misses you.
The orc hits you with a flail.
The orc priest calls down the wrath of Beogh upon you.
Pain shoots through your body!
* * * LOW HITPOINT WARNING * * *
The orc priest mumbles some strange prayers to Beogh against you.
Pain shoots through your body!
Ouch! That really hurt!
You die...

#.......# #.......#
+####.......#####.
..................
.....###o#.......)
...../.#oo........
.# #...##.........
#........####..
...#...@........
#......####%. #
#.........# #.
#......##.... #.##
#.......# ##.
#...#######.#.# ...
#...........#..#
....#...###...####.#
....###.............


You could see an orc priest and 2 orcs.

Vanquished Creatures
  2 adders (D:2)
  A worm (D:2)
  2 giant cockroaches (D:1)
  5 goblins (D:2)
  9 hobgoblins
  6 kobolds
  A ball python (D:1)
  6 bats
  3 frilled lizards
  4 rats
39 creatures vanquished.

Notes
Turn   | Place    | Note
-------+----------+-------------------------------------------
     0 | D:1      | Kosschaser the Vine Stalker Enchanter began the quest for the Orb.
     0 | D:1      | Reached XP level 1. HP: 9/9 MP: 4/4
   362 | D:1      | Reached skill level 4 in Stealth
   362 | D:1      | Reached XP level 2. HP: 5/13 MP: 4/6
   907 | D:1      | Reached skill level 1 in Short Blades
  1536 | D:2      | Learned a level 2 spell: Ensorcelled Hibernation
  1586 | D:2      | Reached XP level 3. HP: 13/17 MP: 4/7
  1642 | D:2      | Found an iron altar of Okawaru.
  1846 | D:2      | Gained mutation: Your natural rate of healing is unusually fast. [Vine Stalker growth]
  1846 | D:2      | Reached XP level 4. HP: 17/21 MP: 1/8
  2158 | D:3      | Killed from afar by an orc priest

Skill      XL: |  1  2 |
---------------+-------+-----
Stealth        | 4 |  4.7
Short Blades   | 1 |  1.3
Fighting       | |  0.8
Dodging        | |  1.9
Spellcasting   | |  2.4
Hexes          | |  3.2
Ice Magic      | |  0.2

Action                   |  1- 3 |  4- 6 || total
-------------------------+-------+-------++-------
Melee: Dagger            |   107 |    10 ||   117
       Bite              |    15 |     1 ||    16
 Cast: Ensorcelled Hiber |     9 |     5 ||    14
 Stab: Sleeping          |    15 |     2 ||    17
       Distracted        |     1 |       ||     1
  Eat: Bread ration      |     1 |       ||     1
Armor: Robe              |    29 |     2 ||    31
Dodge: Dodged            |    57 |     5 ||    62
